 Dungeon Crawl Stone Soup version 0.20.0-7-g3b7b877 (webtiles) character file.

61 Kosschaser the Skirmisher (level 3, -2/33 HPs)
             Began as a Draconian Abyssal Knight on May 29, 2017.
             Was a Follower of Lugonu.
             Killed from afar by Sigmund (11 damage)
             ... with a puff of flame
             ... on level 2 of the Dungeon.
             The game lasted 00:03:19 (1604 turns).

Kosschaser the Skirmisher (DrAK)                    Turns: 1604, Time: 00:03:20

Health: -2/33      AC:  5    Str: 14    XL:     3   Next: 83%
Magic:  4/4        EV: 12    Int: 12    God:    Lugonu [*.....]
Gold:   31         SH:  0    Dex: 11    Spells: 2/2 levels left

rFire    . . .     SeeInvis .   a - +1 falchion
rCold    . . .     Gourm    .   (no shield)
rNeg     . . .     Faith    .   (armour unavailable)
rPois    .         Spirit   .   (helmet restricted)
rElec    .         Reflect  .   (no cloak)
rCorr    .         Harm     .   (no gloves)
MR       .....                  (no boots)
Stlth    +.........             (no amulet)
Regen    0.2/turn               (no ring)
MPRegen  0.1/turn               (no ring)

@: no status effects
A: unfitting armour, cold-blooded, AC +5
a: Depart the Abyss, Renounce Religion


You were on level 2 of the Dungeon.
You worshipped Lugonu.
Lugonu was aware of your devotion.
You were not hungry.

You visited 1 branch of the dungeon, and saw 2 of its levels.
You visited the Abyss 1 time.

You collected 31 gold pieces.

Inventory:

Hand Weapons
 a - a +1 falchion (weapon)
Scrolls
 d - 2 scrolls of blinking {unknown}
 e - 7 scrolls of identify {unknown}
 h - 3 scrolls of teleportation {unknown}
 k - a scroll of fog {unknown}
 l - 2 scrolls of remove curse {unknown}
 q - a scroll of amnesia {unknown}
Potions
 c - a potion of degeneration {unknown}
 f - a potion of brilliance {unknown}
 g - a potion of lignification {unknown}
 j - a potion of agility {unknown}
 m - a potion of might {unknown}
 n - a potion of curing {unknown}
 o - 2 potions of heal wounds {unknown}
Comestibles
 b - a bread ration
 i - 4 fruits
 p - a meat ration


   Skills:
 + Level 4.1 Fighting
 + Level 2.8 Long Blades
 + Level 2.6 Dodging
 + Level 2.1 Invocations


You had 2 spell levels left.
You didn't know any spells.

Dungeon Overview and Level Annotations

Branches:
Dungeon (2/15)

Altars:
Kikubaaqudgha
Xom

Annotations:
D:2 Sigmund


Innate Abilities, Weirdness & Mutations

Your plain brown scales are hard. (AC +5)
You cannot fit into any form of body armour.
You are cold-blooded and may be slowed by cold attacks.


Message History

Sigmund is lightly wounded.
You closely miss Sigmund.
You tail-slap Sigmund, but do no damage.
Sigmund is lightly wounded.
Sigmund mumbles some strange words.
Sigmund flickers and vanishes!
Deactivating autopickup; reactivate with Ctrl-A.
You barely miss something.
You hear some strange, mumbled words.
Something tries to affect you, but you resist.
You hit something but do no damage.
Your tail-slap misses something.
You hear some strange, mumbled words.
A puff of flame appears from out of thin air!
The puff of flame hits you! Something hits you.
* * * LOW HITPOINT WARNING * * *
You see here a short sword.
A puff of flame appears from out of thin air!
The puff of flame hits you!
You die...

##### ......##########
#....)..@..#########
###########.......... ####
###..........†.........
...###.†.###########.######
.......### #.# ...###..###
#.## ...####...# #..# ######
..@.@..##.....#######.##......
######@######.................


There were no monsters in sight!

Vanquished Creatures
  2 adders (D:2)
  A worm (D:2)
  2 dart slugs (D:1)
  A leopard gecko (D:1)
  6 bats
  3 giant cockroaches (D:1)
  4 goblins
  6 hobgoblins
  A ball python (D:1)
  2 frilled lizards
  2 kobolds
  5 rats
35 creatures vanquished.

Vanquished Creatures (others)
  A plant (D:1)
1 creature vanquished.

Grand Total: 36 creatures vanquished

Notes
Turn   | Place    | Note
-------+----------+-------------------------------------------
     0 | Abyss:1  | Kosschaser the Draconian Abyssal Knight began the quest for the Orb.
     0 | Abyss:1  | Reached XP level 1. HP: 19/19 MP: 2/2
     3 | Abyss:1  | Found a corrupted altar of Lugonu.
    21 | Abyss:1  | Found a corrupted altar of Lugonu.
    34 | Abyss:1  | Noticed a tentacled starspawn
    36 | D:1      | Escaped the Abyss
   254 | D:1      | Reached * piety under Lugonu
   286 | D:1      | Reached XP level 2. HP: 18/26 MP: 3/3
   991 | D:1      | Reached XP level 3. HP: 33/33 MP: 4/4
  1311 | D:2      | Noticed Sigmund
  1441 | D:2      | Found a shimmering altar of Xom.
  1456 | D:2      | Reached skill level 4 in Fighting
  1513 | D:2      | Found an ancient bone altar of Kikubaaqudgha.
  1604 | D:2      | Killed from afar by Sigmund

Skill      XL: |  1  2  3 |
---------------+----------+-----
Fighting       | 4 |  4.1
Long Blades    | |  2.8
Dodging        | |  2.6
Invocations    | |  2.1

Action                   || total
-------------------------++-------
Melee: Falchion          ||   102
       Tailslap          ||    13
Invok: Depart the Abyss  ||     1
  Eat: Chunk             ||     2
Armor: Skin              ||    24
Dodge: Dodged            ||    58
       Rpst.: Falchion   ||    16
